 Dungeon Crawl Stone Soup version 0.24-a0-182-gc7eaa07895 (webtiles) character file.

Game seed: 17449909565334115849

552103 EnegeticOcto the Slayer (level 25, -39/336 HPs)
             Began as a Green Draconian Skald on Mar 14, 2019.
             Was the Champion of Makhleb.
             Killed from afar by a black draconian monk (44 damage)
             ... with a bolt of lightning
             ... on level 4 of the Realm of Zot on Mar 15, 2019.
             The game lasted 03:32:12 (71507 turns).

EnegeticOcto the Slayer (Green Draconian Skald)    Turns: 71507, Time: 03:32:13

Health: -39/336    AC: 33    Str: 17    XL:     25   Next: 8%
Magic:  48/48      EV:  2    Int: 16    God:    Makhleb [******]
Gold:   922        SH: 22    Dex: 26    Spells: 15/48 levels left

rFire    + . .     SeeInvis .   a - +9 demon trident (freeze)
rCold    + + .     Gourm    .   Z - +0 large shield
rNeg     + + +     Faith    .   (armour unavailable)
rPois    +         Spirit   .   (helmet currently unavailable)
rElec    .         Reflect  .   (cloak currently unavailable)
rCorr    .         Harm     .   (gloves currently unavailable)
MR       +....     NoTele   +   (boots currently unavailable)
Stlth    +++.......             r - amulet "Cadixewk" {RegenMP rF+ rC+}
HPRegen  0.66/turn              w - ring of the Octopus King {MP+9 AC+1 EV+1 Str+1 Int+1 Dex+1}
MPRegen  0.56/turn              A - ring "Epujeoq" {+Fly rC+ rN++ Dex+6 Stlth+}

@: tree-form, slightly contaminated, slowed, very slow
A: (breathe noxious fumes), unfitting armour, frail 1, AC +12
}: 3/15 runes: decaying, serpentine, abyssal
a: Minor Destruction, Lesser Servant of Makhleb, Major Destruction, Greater
Servant of Makhleb, Renounce Religion


You were on level 4 of the Realm of Zot.
You worshipped Makhleb.
Makhleb was exalted by your worship.
You were not hungry.
You were a tree.
You visited 10 branches of the dungeon, and saw 48 of its levels.
You visited the Abyss 1 time.
You also visited: Bailey, Gauntlet, Ice Cave and Desolation.

You collected 5588 gold pieces.
You spent 4666 gold pieces at shops.

Inventory:

Hand Weapons
 a - a +9 demon trident of freezing (weapon)
Missiles
 C - 2 throwing nets (quivered) {!f}
Armour
 o - a +2 cloak of invisibility (melded)
 y - a +0 pair of boots (melded)
 G - the +1 pair of gloves "Itikeewk" (melded) {*Contam rN+ Int+4 Stlth+}
   (You found it on level 3 of the Elven Halls)

   It affects your intelligence (+4).
   It protects you from negative energy.
   It causes magical contamination when unequipped.
   It makes you more stealthy.
 M - the +3 hat of Pondering (melded) {ponderous, MR+ MP+10 Int+5}
   (You took it off Gastronok on level 10 of the Dungeon)

   It affects your intelligence (+5).
   It affects your resistance to hostile enchantments.
   It affects your magic capacity (+10).
 Z - a +0 large shield (worn)
Jewellery
 h - a +3 ring of protection
 r - the amulet "Cadixewk" (around neck) {RegenMP rF+ rC+}
   (You found it on level 1 of the Swamp)

   [amulet of magic regeneration]

   It increases your magic regeneration.
   It protects you from fire.
   It protects you from cold.
 w - a ring of the Octopus King (left branch) {MP+9 AC+1 EV+1 Str+1 Int+1 Dex+1}
   (You found it in a Gauntlet)

   [ring of magical power]

   It affects your AC (+1).
   It affects your evasion (+1).
   It affects your strength (+1).
   It affects your intelligence (+1).
   It affects your dexterity (+1).
   It affects your magic capacity (+9).
 A - the ring "Epujeoq" (right branch) {+Fly rC+ rN++ Dex+6 Stlth+}
   (You found it on level 1 of the Swamp)

   [ring of dexterity]

   It affects your dexterity (+6).
   It protects you from cold.
   It greatly protects you from negative energy.
   It lets you fly.
   It makes you more stealthy.
 B - an uncursed ring of resist corrosion
 N - a +5 amulet of reflection
Wands
 b - a wand of acid (9)
 d - a wand of polymorph (15)
 q - a wand of digging (16)
 x - a wand of scattershot (29)
 D - a wand of clouds (14)
 E - a wand of paralysis (24)
 S - a wand of iceblast (21)
Scrolls
 f - 8 scrolls of fear {!r}
 g - a scroll of blinking {@r4}
 i - 10 scrolls of amnesia
 j - 3 scrolls of magic mapping {@r5 !r}
 l - 11 scrolls of teleportation {@r3 !r}
 m - 7 scrolls of enchant armour
 p - 21 scrolls of remove curse {@r2}
 v - a scroll of holy word
 F - 8 scrolls of identify {@r1}
 H - 6 scrolls of vulnerability
 I - 3 scrolls of fog {!r}
 O - 4 scrolls of silence
 P - 4 scrolls of immolation
 T - 2 scrolls of summoning
Potions
 c - 8 potions of mutation
 k - 9 potions of curing {@q1}
 n - 7 potions of lignification {@q6}
 t - a potion of magic
 u - 5 potions of brilliance
 z - 5 potions of agility {@q5 !q}
 J - 2 potions of ambrosia
 K - 10 potions of might {@q3 !q}
 Q - 3 potions of haste {@q4 !q}
 U - 2 potions of invisibility
 V - 2 potions of resistance
 Y - a potion of heal wounds {@q2}
Miscellaneous
 s - a box of beasts
 L - a lamp of fire
 R - 4 phantom mirrors
 W - a sack of spiders
Comestibles
 e - 56 rations


   Skills:
 + Level 25.1 Fighting
 - Level 14.0 Polearms
 - Level 10.0 Dodging
 - Level 18.0 Shields
 - Level 12.0 Spellcasting
 - Level 6.0 Hexes
 - Level 8.0 Charms
 - Level 5.0 Summonings
 - Level 12.0 Necromancy
 - Level 8.0 Translocations
 - Level 13.0 Earth Magic
 - Level 16.0 Invocations
 + Level 9.0 Evocations


You had 15 spell levels left.
You knew the following spells:

 Your Spells              Type           Power        Failure   Level  Hunger
a - Infusion              Chrm           ####         1%          1    None
b - Song of Slaying       Chrm           #####...     1%          2    None
c - Spectral Weapon       Hex/Chrm       ####....     3%          3    None
d - Confusing Touch       Hex            ####..       1%          1    None
e - Apportation           Tloc           #####.       1%          1    None
f - Passwall              Tmut/Erth      ####....     1%          2    None
g - Lesser Beckoning      Tloc           #####.....   1%          3    None
h - Summon Butterflies    Summ           ####....     2%          1    None
i - Blink                 Tloc           N/A          1%          2    None
j - Lee's Rapid Deconstr  Erth           ######....   2%          5    #####..
k - Summon Lightning Spi  Summ/Air       ###.....     54%         4    ##.....
z - Borgnjor's Vile Clut  Necr/Erth      #####.....   3%          5    #####..
T - Regeneration          Chrm/Necr      #####.....   1%          3    None

Your spell library contained the following spells:

 Spells                   Type           Power        Failure   Level  Hunger
 Animate Skeleton         Necr           N/A          1%          1    None
 Corona                   Hex            ####...      1%          1    None
 Pain                     Necr           ####         1%          1    None
 Sandblast                Erth           ######       1%          1    None
 Corpse Rot               Necr           N/A          1%          2    None
 Shroud of Golubria       Chrm/Tloc      #####.....   1%          2    None
 Sublimation of Blood     Necr           #####.....   1%          2    None
 Gell's Gravitas          Tloc           #####.....   1%          3    None
 Summon Small Mammal      Summ           ####         2%          1    None
 Slow                     Hex            ####....     2%          2    None
 Call Imp                 Summ           ####....     3%          2    None
 Portal Projectile        Hex/Tloc       ####..       3%          3    None
 Stone Arrow              Conj/Erth      ####..       3%          3    None
 Leda's Liquefaction      Hex/Erth       #####.....   3%          4    ##.....
 Agony                    Necr           #####...     3%          5    #####..
 Dispel Undead            Necr           #####...     3%          5    #####..
 Confuse                  Hex            ####....     4%          3    None
 Tukima's Dance           Hex            ####....     4%          3    None
 Swiftness                Chrm/Air       ###.....     5%          2    None
 Ensorcelled Hibernation  Hex/Ice        ###...       8%          2    None
 Excruciating Wounds      Chrm/Necr      #####.....   9%          5    #####..
 Ozocubu's Armour         Chrm/Ice       ###.....     11%         3    None
 Petrify                  Tmut/Erth      ####....     12%         4    ##.....
 Dazzling Spray           Conj/Hex       ###...       16%         3    None
 Inner Flame              Hex/Fire       ###.....     16%         3    None
 Cause Fear               Hex            ####......   16%         4    ##.....
 Beastly Appendage        Tmut           #.....       19%         1    None
 Flame Tongue             Conj/Fire      #....        19%         1    None
 Magic Dart               Conj           #...         19%         1    None
 Shock                    Conj/Air       #...         19%         1    None
 Sting                    Conj/Pois      #...         19%         1    None
 Death Channel            Necr           #####.....   21%         6    ######.
 Poisonous Vapours        Pois/Air       #.....       26%         2    None
 Sticks to Snakes         Tmut           #.......     26%         2    None
 Throw Flame              Conj/Fire      #.....       26%         2    None
 Force Lance              Conj/Tloc      ###.....     34%         4    ##.....
 Summon Forest            Summ/Tloc      ####......   34%         5    #####..
 Bolt of Draining         Conj/Necr      ####......   38%         5    #####..
 Summon Mana Viper        Hex/Summ       ####....     45%         5    #####..
 Conjure Flame            Conj/Fire      #.......     47%         3    None
 Ignite Poison            Fire/Tmut/Pois #.......     47%         3    None
 Mephitic Cloud           Conj/Pois/Air  #.......     47%         3    None
 Spider Form              Tmut/Pois      #.........   47%         3    None
 Static Discharge         Conj/Air       #.......     47%         3    None
 Bolt of Magma            Conj/Fire/Erth ###.......   63%         5    #####..
 Dispersal                Tloc           #####.....   71%         6    ######.
 Metabolic Englaciation   Hex/Ice        ###.......   82%         5    #####..
 Silence                  Hex/Air        ###.......   82%         5    #####..
 Yara's Violent Unravell  Hex/Tmut       ###.......   82%         5    #####..
 Airstrike                Air            #.........   87%         4    ##.....
 Ice Form                 Ice/Tmut       #.......     87%         4    ##.....
 Olgreb's Toxic Radiance  Pois           #.......     87%         4    ##.....
 Sticky Flame             Conj/Fire      #.......     87%         4    ##.....
 Iron Shot                Conj/Erth      ####......   88%         6    ######.
 Statue Form              Tmut/Erth      ####.....    88%         6    ######.
 Invisibility             Hex            ####....     93%         6    ######.
 Simulacrum               Ice/Necr       ####......   93%         6    ######.
 Alistair's Intoxication  Tmut/Pois      #.......     99%         5    #####..
 Blade Hands              Tmut           #.........   99%         5    #####..
 Fireball                 Conj/Fire      #.........   99%         5    #####..
 Lightning Bolt           Conj/Air       #.........   99%         5    #####..
 Venom Bolt               Conj/Pois      #.........   99%         5    #####..
 Deflect Missiles         Chrm/Air       ###.......   99%         6    ######.
 Bolt of Cold             Conj/Ice       #.........   100%        6    ######.
 Bolt of Fire             Conj/Fire      #.........   100%        6    ######.
 Conjure Ball Lightning   Conj/Air       #.........   100%        6    ######.
 Freezing Cloud           Conj/Ice/Air   #.........   100%        6    ######.
 Hydra Form               Tmut           #.........   100%        6    ######.
 Ozocubu's Refrigeration  Ice            #.........   100%        6    ######.
 Poison Arrow             Conj/Pois      #.........   100%        6    ######.
 Dragon Form              Tmut           #.........   100%        7    #######
 Ring of Flames           Chrm/Fire      ###.......   100%        7    #######
 Spellforged Servitor     Conj/Summ      ###.......   100%        7    #######
 Summon Hydra             Summ           ####......   100%        7    #######
 Chain Lightning          Conj/Air       #.........   100%        8    #######
 Controlled Blink         Tloc           N/A          100%        8    #######
 Discord                  Hex            ####......   100%        8    #######
 Disjunction              Tloc           #####.....   100%        8    #######
 Ignition                 Fire           #.........   100%        8    #######
 Lehudib's Crystal Spear  Conj/Erth      ####......   100%        8    #######
 Dragon's Call            Summ           ####......   100%        9    #######
 Fire Storm               Conj/Fire      #.........   100%        9    #######
 Glaciate                 Conj/Ice       #.........   100%        9    #######
 Shatter                  Erth           ######....   100%        9    #######
 Tornado                  Air            #.........   100%        9    #######


Dungeon Overview and Level Annotations

Branches:
Dungeon (15/15)            Temple (0/1) D:7            Lair (6/6) D:9
  Swamp (4/4) Lair:2        Snake (4/4) Lair:2        Slime (0/5) Lair:6
    Orc (2/2) D:12            Elf (3/3) Orc:2        Vaults (4/5) D:14
  Crypt (0/3) Vaults:2     Depths (5/5) D:15           Hell (1/1)
    Zot (4/5) Depths:5
    Dis: Hell:1         Geh: Hell:1         Coc: Hell:1         Tar: Hell:1

Altars:
Cheibriados
Dithmenos
Fedhas
Hepliaklqana
Kikubaaqudgha
Makhleb
Okawaru
Qazlal
Trog
Wu Jian
Xom
Yredelemnul
Zin
Beogh
Jiyva

Shops:
D:6 [[:?*   D:8 *   D:10 :   D:14 }   Orc:2 ([(*   Elf:2 ?   Snake:1 *
Snake:2 }=}   Snake:3 [(   Vaults:3 :   Vaults:4 (

Portals:
Hell: Depths:1 Depths:2 Depths:3 Depths:4 Depths:5
Abyss: Depths:4
Pandemonium: Depths:2 Depths:3 Depths:5
Ziggurat: Depths:2
Trove: Vaults:4 (give 16 scrolls of teleportation)

Annotations:
D:3 Sigmund
Lair:4 3 runed translucent doors, PeterQ's ghost, journeyman GnAs
Elf:2 3 runed translucent doors
Depths:2 1 runed translucent door, exclusion: door, nubinia's ghost, veteran GrEE
Hell Geryon


Innate Abilities, Weirdness & Mutations

((You can breathe blasts of noxious fumes.))
((Your lurid green scales are hard. (AC +12)))
You cannot fit into any form of body armour.
((Your tail ends in a sharp poisonous barb.))
((Your system is resistant to poisons. (rPois)))
((You are cold-blooded and may be slowed by cold attacks.))
((You have large cloven feet.))
((You have a pair of small horns on your head.))
You are frail. (-10% HP)


Message History

Your +0 pair of boots melds into your body.
That put a bit of spring back into your step.
Your roots penetrate the ground.
The zombie hands constrict the black draconian!!
The zombie hands release their grip on the black draconian.
The death cob hits you but does no damage. x2
The green draconian rages.
You hear a roar!
You block the death cob's attack.
The black draconian breathes lightning at you.
The bolt of lightning hits you!!!
* * * LOW HITPOINT WARNING * * *
The bolt of lightning hits the black draconian shifter.
The black draconian shifter completely resists.
The black draconian shifter mumbles some strange words.
The green draconian blinks!
The yellow draconian blinks!
The black draconian blinks!
The black draconian monk blinks!
The black draconian monk breathes lightning at you.
The bolt of lightning hits you!!!
You die...

*,,,,............#
*,,,,...........§#
*,,,,q..q........#
*,,,,.........§..#
*,,,,............#
*,,,,............#
*,,,,............#
*,,,,........dqq.#
*,≈≈≈≈≈......z♣d.#
*,≈**#§..#####d### *,≈*
#≈.,* #.# *,≈* #≈,,#####§#
####### *,≈* *≈,,+..§y§#
####...... *,≈*
*≈,,###d.d#######.##..<...
*,≈* *≈,,*
#.#.....?...##......
*,≈***≈,,*
#.#########..'^.....
*,≈≈≈≈≈,,* #.# #.##......


You could see a black draconian monk, a black draconian, a yellow draconian, a
green draconian (berserk), a black draconian shifter, a death cob, a green
draconian scorcher (fleeing) and a moth of wrath.

Vanquished Creatures
  3 juggernauts
  the Lernaean hydra (Swamp:4)
  Saint Roka (Vaults:3)
  4 golden dragons
  A caustic shrike (Depths:4)
  the Enchantress (Depths:3)
  Nikola (Depths:1)
  A bone dragon (Depths:5)
  6 tentacled monstrosities
  9 liches
  A deep elf blademaster (Elf:3)
  A deep elf master archer (Elf:3)
  2 shadow dragons
  3 death cobs
  A thorn hunter (Swamp:1)
  2 sphinxes
  6 tengu reavers
  4 storm dragons
  Donald (Snake:1)
  A draconian monk (Zot:3)
  11 frost giants
  6 nagarajas (Snake:4)
  2 draconian scorchers
  3 imperial myrmidons (Desolation)
  8 fire giants
  4 vault wardens
  A draconian shifter (Depths:5)
  4 deep elf sorcerers
  4 deep elf elementalists (Elf:3)
  An orc warlord (Orc:2)
  A draconian annihilator (Depths:5)
  An emperor scorpion (Depths:3)
  2 ghouls (Vaults:2)
  6 spriggan defenders
  A draconian stormcaller (Zot:3)
  9 ironheart preservers
  33 very ugly things
  A war gargoyle (Vaults:2)
  An entropy weaver (shapeshifter) (Depths:1)
  An entropy weaver (Vaults:3)
  11 stone giants
  2 large abominations (Elf:3)
  6 caustic shrike skeletons (Depths:3)
  3 green draconians
  Azrael (D:12)
  4 deep elf demonologists
  5 yellow draconians
  10 deep elf annihilators
  6 vampire knights
  2 white draconians
  6 red draconians
  A dire elephant (Gauntlet)
  2 halazid warlocks (Desolation)
  A minotaur (Gauntlet)
  4 spark wasps
  9 ettins
  A lorocyproca (Depths:4)
  A merfolk javelineer (Depths:5)
  A crystal guardian (Vaults:4)
  6 deep elf death magi
  10 great orbs of eyes
  7 ragged hierophants (Desolation)
  3 deep elf high priests
  9 fire dragons
  22 hydras
  5 servants of whispers (Desolation)
  19 yaktaur captains
  Fannar (D:12)
  A vault guard (Vaults:2)
  9 peacekeepers (Desolation)
  A hell beast (Depths:2)
  15 ice dragons
  8 spriggan air magi
  13 centaur warriors
  9 anacondas
  18 naga warriors
  5 rakshasas
  2 shambling mangroves
  4 death knights
  4 ghost crabs
  28 two-headed ogres
  18 alligators
  13 dancing weapons
  10 ogre magi
  5 deep troll shamans
  2 orc high priests
  6 death yaks (Depths:3)
  11 deep troll earth magi
  4 tengu warriors
  A vampire mage (Depths:2)
  12 naga sharpshooters
  8 shock serpents
  6 hell knights (Depths:5)
  53 spriggans
  8 spriggan berserkers
  A sun demon (Depths:4)
  19 deep elf knights
  20 skeletal warriors
  2 iron trolls (Depths:2)
  A shadow wraith (D:14)
  6 salamander mystics
  8 ironbrand convokers
  3 unseen horrors
  9 spriggan druids
  10 swamp dragons
  2 flayed ghosts
  19 deep trolls
  3 glowing orange brains
  8 naga ritualists
  An orange crystal statue (Gauntlet)
  25 deep elf archers
  A lindwurm (Lair:6)
  4 wizards
  7 harpies
  13 orc knights
  3 small abominations
  4 phantasmal warriors
  6 necromancers
  12 mana vipers
  38 ugly things
  47 deep elf magi
  A tengu skeleton (Vaults:4)
  2 manticores
  A cyclops (shapeshifter) (Vaults:4)
  A fire giant zombie (Vaults:2)
  4 orc sorcerers
  33 salamanders
  A shining eye (shapeshifter) (Depths:2)
  3 wolf spiders
  8 cyclopes
  A sphinx skeleton (Vaults:1)
  A stone giant zombie (Vaults:2)
  5 elephants
  A moth of wrath (Zot:1)
  A moth of wrath (shapeshifter) (Depths:3)
  A frost giant skeleton (Vaults:2)
  40 black mambas
  Joseph (D:8)
  2 ice statues (IceCv)
  4 molten gargoyles
  4 rust devils
  19 vault sentinels
  11 guardian serpents
  2 centaur skeletons
  A guardian serpent (shapeshifter) (D:15)
  2 centaur zombies (D:15)
  5 torpor snails (Lair:6)
  2 gargoyles
  28 naga magi
  7 spiny frogs
  An orange demon (Depths:2)
  A kobold demonologist (D:12)
  2 rime drakes (IceCv)
  14 komodo dragons
  25 yaktaurs
  11 freezing wraiths
  9 tengu conjurers
  3 yaktaur skeletons (Vaults:2)
  A hornet (shapeshifter) (Vaults:2)
  8 human skeletons (Vaults:2)
  A queen bee (D:14)
  10 trolls
  A tengu simulacrum (Vaults:2)
  A wind drake (shapeshifter) (Depths:1)
  8 tyrant leeches
  3 meliai (D:14)
  29 hornets
  Grinder (D:3)
  57 saltlings (Desolation)
  52 slime creatures
  A raiju (shapeshifter) (Vaults:3)
  2 raiju (Abyss:3)
  A dream sheep (shapeshifter) (Depths:4)
  7 blink frogs
  6 hippogriffs
  14 bog bodies
  2 meliai zombies
  6 dream sheep (Lair:6)
  12 water elementals
  2 spriggans (shapeshifter)
  9 wraiths
  2 shadows
  4 air elementals
  A yak (shapeshifter) (Elf:2)
  37 yaks
  7 fire elementals
  5 basilisks
  Eustachio (D:4)
  4 fire bats (Abyss:3)
  5 wyverns
  4 steam dragons
  4 human simulacra
  6 hungry ghosts
  5 chaos spawn (Abyss:3)
  2 yaktaur simulacra
  12 vampire mosquitoes
  Menkaure (D:6)
  17 swamp worms
  10 wargs
  Edmund (D:4)
  A soldier ant (D:11)
  67 nagas
  A soldier ant (shapeshifter) (Vaults:1)
  10 insubstantial wisps (Swamp:2)
  6 acid dragons
  17 water moccasins
  9 porcupines
  6 hell hounds
  23 ice beasts
  46 orc warriors
  A slave (D:7)
  10 swamp drakes
  6 sky beasts
  An elf zombie (Vaults:4)
  2 necrophages
  An ogre (shapeshifter) (Depths:4)
  7 boggarts
  2 black bears
  31 ogres
  3 phantoms
  A black bear (shapeshifter) (Depths:1)
  23 centaurs
  A centaur (shapeshifter) (Vaults:2)
  7 wolves (Lair:4)
  7 crocodiles
  3 elf skeletons (Vaults:2)
  13 bullfrogs
  2 human zombies
  2 wyvern zombies
  2 big kobolds
  A wyvern skeleton (D:13)
  3 earth elementals
  4 scorpions
  15 wights
  37 killer bees
  3 vampire bats (D:9)
  6 howler monkeys
  2 electric eels (D:13)
  10 crimson imps
  5 lava snakes (Lair:6)
  2 quasits
  Crazy Yiuf (D:5)
  A bullfrog zombie (D:5)
  4 jellies
  24 orc priests
  4 bullfrog skeletons
  9 hounds
  3 iron imps
  Jessica (D:3)
  3 iguanas
  44 orc wizards
  Natasha (thrice) (D:3)
  Ijyb (D:5)
  19 worker ants
  A hound zombie (D:6)
  A hound skeleton (D:8)
  A worker ant zombie (D:7)
  A gnoll (Bailey)
  A howler monkey skeleton (D:5)
  22 adders
  3 shadow imps
  An ufetubus (Vaults:2)
  6 oozes
  2 adder zombies
  2 worms (D:2)
  4 dart slugs
  10 leopard geckos
  103 orcs
  A ball python (Lair:2)
  3 bat skeletons (D:9)
  2 bat zombies (D:9)
  7 giant cockroaches
  6 goblins
  6 hobgoblins
  12 jackals
  7 kobolds
  3 quokkas
  7 bats
  5 frilled lizards
  A leopard gecko skeleton (D:7)
  8 rats
  4 crawling corpses (Depths:4)
  4 spectral weapons
2224 creatures vanquished.

Vanquished Creatures (collateral kills)
  Boris (Vaults:3)
  Vashnia (Snake:4)
  Gastronok (D:10)
  A tengu reaver (Depths:4)
  2 vault wardens
  A fire giant (Vaults:4)
  A frost giant (Depths:4)
  3 ironheart preservers (Vaults:3)
  A very ugly thing (Depths:4)
  A spriggan defender (Depths:3)
  3 stone giants (Vaults:2)
  A yaktaur captain (Vaults:2)
  Harold (D:7)
  3 vault guards
  An ogre mage (Vaults:1)
  A deep troll earth mage (Vaults:3)
  A spriggan berserker (Depths:3)
  A naga sharpshooter (Snake:4)
  2 shadow wraiths
  A deep troll (Vaults:3)
  3 ironbrand convokers (Vaults:2)
  2 swamp dragons (Swamp:4)
  An orc knight (Vaults:1)
  Pikel (D:7)
  2 cyclopes (Vaults:2)
  An ugly thing (Vaults:1)
  A freezing wraith (Vaults:1)
  A hornet (Swamp:4)
  A wraith (Vaults:1)
  2 nagas (Snake:3)
  An ice beast (D:10)
  An orc warrior (D:6)
  An orc (D:7)
  A hobgoblin (Bailey)
47 creatures vanquished.

Vanquished Creatures (others)
  A vault warden (Vaults:2)
  A deep elf sorcerer (Vaults:2)
  A deep elf knight (Elf:2)
  A deep elf archer (Elf:1)
  2 harpies (Vaults:4)
  A wizard (D:12)
  3 deep elf magi (Elf:2)
  A human (Abyss:3)
  A chaos spawn (Abyss:3)
  A swamp worm (Swamp:3)
  3 slaves (D:7)
  A scorpion (Abyss:3)
  An orc wizard (D:11)
  3 kobolds (D:13)
  2 briar patches (Swamp:1)
  3 fungi
  6 plants
  116 spectral weapons
148 creatures vanquished.

Grand Total: 2419 creatures vanquished

Notes
Turn   | Place    | Note
-------+----------+-------------------------------------------
     0 | D:1      | EnegeticOcto the Draconian Skald began the quest for the
                  | Orb.
     0 | D:1      | Reached XP level 1. HP: 17/17 MP: 3/3
   266 | D:1      | Reached XP level 2. HP: 25/25 MP: 5/5
   378 | D:1      | Learned a level 2 spell: Song of Slaying
   834 | D:2      | Reached XP level 3. HP: 19/30 MP: 1/6
  1099 | D:1      | Learned a level 3 spell: Spectral Weapon
  1128 | D:2      | Reached skill level 3 in Fighting
  1436 | D:2      | Found a faded altar of an unknown god.
  1441 | D:2      | Became a worshipper of Makhleb the Destroyer
  1441 | D:2      | Reached * piety under Makhleb
  1734 | D:2      | Reached XP level 4. HP: 38/38 MP: 1/7
  2131 | D:3      | Noticed Grinder
  2171 | D:3      | Killed Grinder
  2171 | D:3      | Reached skill level 4 in Fighting
  2171 | D:3      | Reached skill level 5 in Polearms
  2171 | D:3      | Reached XP level 5. HP: 37/47 MP: 1/8
  2171 | D:3      | Reached XP level 6. HP: 42/53 MP: 1/9
  2431 | D:3      | Noticed Jessica
  2432 | D:3      | Noticed Natasha
  2445 | D:3      | Killed Jessica
  2843 | D:3      | Noticed Sigmund
  2911 | D:3      | Killed Natasha
  2928 | D:3      | Noticed Natasha
  3004 | D:3      | Killed Natasha
  3051 | D:3      | Noticed Natasha
  3063 | D:3      | Killed Natasha
  3118 | D:3      | Found a hazy altar of Hepliaklqana.
  3320 | D:4      | Learned a level 3 spell: Regeneration
  3398 | D:4      | Reached skill level 5 in Fighting
  3401 | D:4      | Reached ** piety under Makhleb
  3419 | D:4      | Noticed Edmund
  3436 | D:4      | Killed Edmund
  3436 | D:4      | Your scales start taking on a lurid green colour.
  3436 | D:4      | Reached XP level 7. HP: 61/61 MP: 7/10
  3436 | D:4      | Gained mutation: Your system is resistant to poisons.
                  | (rPois) [Green Draconian growth]
  3486 | D:4      | Noticed Eustachio
  3500 | D:4      | Killed Eustachio
  3626 | D:4      | Reached skill level 6 in Fighting
  3726 | D:4      | Found a stormy altar of Qazlal.
  3894 | D:4      | Found a blossoming altar of Fedhas.
  3894 | D:4      | Found a shadowy altar of Dithmenos.
  4049 | D:5      | Entered Level 5 of the Dungeon
  4054 | D:5      | Found an iron altar of Okawaru.
  4070 | D:5      | Reached XP level 8. HP: 67/70 MP: 11/11
  4123 | D:5      | Noticed Ijyb
  4212 | D:5      | Killed Ijyb
  4713 | D:5      | Found a runed translucent door.
  4714 | D:5      | Noticed Crazy Yiuf
  4845 | D:5      | Killed Crazy Yiuf
  4845 | D:5      | Reached *** piety under Makhleb
  4964 | D:6      | Found Fonkymnarph's Book Boutique.
  4986 | D:6      | Reached skill level 1 in Invocations
  5074 | D:6      | Noticed Menkaure
  5089 | D:6      | Killed Menkaure
  5214 | D:6      | Found Qeczeq's Armour Shoppe.
  5217 | D:6      | Bought a cursed -2 shield for 1 gold piece
  5257 | D:6      | Found Oheshaim's Antique Armour Shop.
  5272 | D:6      | Bought a pair of boots for 166 gold pieces
  5417 | D:6      | Reached skill level 1 in Shields
  5417 | D:6      | Identified the +9 spear "Jaschaguo" {antimagic, rElec MR+
                  | Int+7 Stlth+}
  5436 | D:6      | Reached skill level 7 in Fighting
  5851 | D:6      | Found Romn's General Store.
  5854 | D:6      | Bought a potion of heal wounds for 60 gold pieces
  5854 | D:6      | Bought a scroll of magic mapping for 42 gold pieces
  5863 | D:6      | Found an iron altar of Okawaru.
  5919 | D:6      | Found Xauluoho's Magic Scroll Emporium.
  6196 | D:7      | Found a staircase to the Ecumenical Temple.
  6197 | D:7      | Reached XP level 9. HP: 78/78 MP: 4/12
  6399 | D:6      | Got an encrusted war axe
  6400 | D:6      | Identified the cursed +3 war axe of the Volcano {chop,
                  | rF+++} (You found it on level 6 of the Dungeon)
  6670 | D:7      | Noticed Harold
  6906 | D:7      | Noticed Pikel
  6922 | D:7      | Killed Pikel
  6945 | D:7      | Killed Harold
  6945 | D:7      | Reached skill level 8 in Fighting
  6945 | D:7      | Reached skill level 10 in Polearms
  7410 | D:7      | Reached XP level 10. HP: 50/87 MP: 0/13
  7428 | D:7      | Reached skill level 5 in Invocations
  7757 | D:7      | Found an ornate altar of the Wu Jian Council.
  7867 | D:8      | Noticed Joseph
  7878 | D:8      | Killed Joseph
  7878 | D:8      | Reached skill level 1 in Evocations
  8335 | D:8      | Found Ymah Nic's General Store.
  8346 | D:8      | Reached **** piety under Makhleb
  8575 | D:9      | Noticed a two-headed ogre
  8608 | D:9      | Found a staircase to the Lair.
  8681 | D:9      | Found a glowing silver altar of Zin.
  8701 | D:9      | Found a flagged portal.
  8772 | Bailey   | Entered a bailey
  8796 | Bailey   | Noticed an orc knight
  8823 | Bailey   | Killed an orc knight
  8823 | Bailey   | Reached skill level 5 in Shields
  9054 | Bailey   | Found an iron altar of Okawaru.
  9054 | Bailey   | Noticed an orc knight
  9093 | Bailey   | Killed an orc knight
  9093 | Bailey   | Reached skill level 9 in Fighting
  9195 | D:9      | Found a basalt altar of Yredelemnul.
  9356 | D:9      | Noticed a two-headed ogre
  9367 | D:9      | Killed a two-headed ogre
  9399 | D:9      | Reached XP level 11. HP: 96/96 MP: 4/14
  9494 | D:9      | Killed a two-headed ogre
  9565 | D:9      | Noticed a two-headed ogre
  9584 | D:9      | Killed a two-headed ogre
  9890 | D:9      | Found an ancient bone altar of Kikubaaqudgha.
 10037 | D:10     | Entered Level 10 of the Dungeon
 10037 | D:10     | Found Wociullu's Book Shop.
 10062 | D:10     | Reached ***** piety under Makhleb
 10301 | D:10     | Noticed Gastronok
 10316 | D:10     | Killed Gastronok
 10316 | D:10     | Reached skill level 10 in Fighting
 10393 | D:10     | Reached skill level 5 in Evocations
 10785 | Lair:1   | Entered Level 1 of the Lair of Beasts
 11840 | Lair:1   | Reached XP level 12. HP: 106/106 MP: 8/16
 12050 | Lair:1   | Found the +8 whip "Snakebite" {curare, rPois}
 13077 | Lair:2   | Found a staircase to the Snake Pit.
 13151 | Lair:2   | Reached skill level 11 in Fighting
 13323 | Lair:2   | Noticed a six-headed hydra
 13331 | Lair:2   | Killed a six-headed hydra
 13397 | Lair:2   | Noticed an eight-headed hydra
 13400 | Lair:2   | Killed an eight-headed hydra
 13547 | Lair:2   | Found a staircase to the Swamp.
 13791 | Lair:3   | You fall through a shaft for 2 floors!
 14081 | Lair:4   | Found a runed translucent gate.
 14081 | Lair:4   | Found a runed translucent gate.
 14083 | Lair:4   | Found a runed translucent gate.
 14089 | Lair:4   | Noticed a death ooze
 14089 | Lair:4   | Noticed PeterQ's ghost (journeyman GnAs)
 14091 | Lair:4   | Found a viscous altar of Jiyva.
 14111 | Lair:4   | Found a frozen archway.
 14123 | IceCv    | Entered an ice cave
 14729 | IceCv    | Noticed an ice dragon
 14729 | IceCv    | Noticed an ice dragon
 14772 | IceCv    | Killed an ice dragon
 14775 | IceCv    | Killed an ice dragon
 14775 | IceCv    | Reached XP level 13. HP: 115/115 MP: 6/18
 15836 | Lair:4   | Reached skill level 5 in Charms
 16690 | Lair:6   | Entered Level 6 of the Lair of Beasts
 17674 | Lair:6   | Reached skill level 5 in Dodging
 17685 | Lair:6   | Reached skill level 5 in Spellcasting
 17714 | Lair:6   | Reached ****** piety under Makhleb
 17873 | Lair:6   | Reached skill level 12 in Fighting
 17892 | Lair:6   | Found a snail-covered altar of Cheibriados.
 18014 | Lair:6   | Found a runed translucent door.
 18016 | Lair:6   | Found a viscous altar of Jiyva.
 18019 | Lair:6   | Found a staircase to the Slime Pits.
 18456 | Lair:6   | Reached skill level 1 in Necromancy
 18729 | D:11     | Reached skill level 1 in Hexes
 19807 | D:12     | Noticed Fannar
 19863 | D:12     | Found a gate leading to a gauntlet.
 19881 | Gauntlet | Entered a Gauntlet
 19881 | Gauntlet | Found a transporter.
 19886 | Gauntlet | Found a transporter.
 19889 | Gauntlet | Noticed a death ooze
 19893 | Gauntlet | Found a transporter.
 19894 | Gauntlet | Found a transporter.
 19896 | Gauntlet | Found a transporter.
 19897 | Gauntlet | Found a transporter.
 19902 | Gauntlet | Found a transporter.
 19902 | Gauntlet | Noticed a dire elephant
 19905 | Gauntlet | Found a transporter.
 19929 | Gauntlet | Found a transporter.
 19929 | Gauntlet | Found a transporter.
 19938 | Gauntlet | Found a transporter.
 19978 | Gauntlet | Found a transporter.
 19979 | Gauntlet | Noticed a dire elephant
 20007 | Gauntlet | Found the cursed necklace of Bloodlust {*Rage +Rage MR++
                  | Int-3 Slay+6 *Curse}
 20281 | Gauntlet | Got a pair of shimmering boots
 20282 | Gauntlet | Identified the +0 pair of boots "Wicisodu" {rF- Int+9} (You
                  | found it in a Gauntlet)
 20330 | Gauntlet | Killed a dire elephant
 20330 | Gauntlet | Gained mutation: Your tail ends in a poisonous barb. [Green
                  | Draconian growth]
 20330 | Gauntlet | Reached XP level 14. HP: 115/127 MP: 4/23
 20644 | Gauntlet | Found the ring of the Octopus King
 20644 | Gauntlet | Got a ring of the Octopus King
 20646 | Gauntlet | Identified a ring of the Octopus King {MP+9 AC+1 EV+1 Str+1
                  | Int+1 Dex+1} (You found it in a Gauntlet)
 20675 | D:12     | Killed Fannar
 20675 | D:12     | Reached skill level 10 in Shields
 20770 | D:12     | Noticed Azrael
 20788 | D:12     | Killed Azrael
 20890 | D:12     | Found a bloodstained altar of Trog.
 21317 | D:12     | Found a staircase to the Orcish Mines.
 21537 | D:12     | Reached skill level 13 in Fighting
 21824 | D:12     | Reached skill level 5 in Necromancy
 21998 | D:12     | Learned a level 1 spell: Confusing Touch
 22000 | D:12     | Learned a level 1 spell: Apportation
 22456 | D:13     | You fall through a shaft!
 23650 | D:14     | Reached skill level 14 in Fighting
 23866 | D:14     | Reached XP level 15. HP: 138/138 MP: 14/24
 23930 | D:14     | Found Ohacihim's Gadget Boutique.
 23978 | D:14     | Found a gate to the Vaults.
 24258 | D:15     | Entered Level 15 of the Dungeon
 24840 | D:15     | Reached skill level 1 in Translocations
 25077 | D:15     | Found a staircase to the Depths.
 25375 | Orc:1    | Entered Level 1 of the Orcish Mines
 25659 | Orc:1    | Found an iron altar of Okawaru.
 25925 | Orc:2    | Entered Level 2 of the Orcish Mines
 26023 | Orc:2    | Found a roughly hewn altar of Beogh.
 26023 | Orc:2    | Found Tiepti's Weapon Emporium.
 26126 | Orc:2    | Found a staircase to the Elven Halls.
 26219 | Orc:2    | Found a roughly hewn altar of Beogh.
 26233 | Orc:2    | Found a roughly hewn altar of Beogh.
 26251 | Orc:2    | Found Lann's General Store.
 26268 | Orc:2    | Bought a scroll of blinking for 97 gold pieces
 26268 | Orc:2    | Bought a scroll of blinking for 97 gold pieces
 26382 | Orc:2    | Found a roughly hewn altar of Beogh.
 26939 | Orc:2    | Noticed an orc warlord
 26962 | Orc:2    | Killed an orc warlord
 26962 | Orc:2    | Reached skill level 15 in Fighting
 26963 | Orc:2    | Found Toelirr's Antique Armour Emporium.
 26967 | Orc:2    | Found a roughly hewn altar of Beogh.
 26982 | Orc:2    | Found Goabbuem's Antique Weapon Shoppe.
 27080 | Orc:2    | Bought a brightly glowing spear for 224 gold pieces
 27087 | Orc:2    | Identified the +6 spear of Tenacity {pain, Fragile +Fly
                  | Int+7 Dex-2} (You bought it in a shop on level 2 of the
                  | Orcish Mines)
 27162 | Orc:2    | Found a roughly hewn altar of Beogh.
 27228 | Orc:2    | Found a roughly hewn altar of Beogh.
 27328 | Orc:2    | Found a roughly hewn altar of Beogh.
 28042 | Lair:6   | Found a large runed translucent door.
 28042 | Lair:6   | Found a large runed translucent door.
 28383 | Snake:1  | Entered Level 1 of the Snake Pit
 28546 | Snake:1  | Reached skill level 5 in Hexes
 28553 | Snake:1  | Reached XP level 16. HP: 149/149 MP: 15/26
 28572 | Snake:1  | Noticed Donald
 28597 | Snake:1  | Found Doxtem's Assorted Antiques.
 28796 | Snake:1  | Bought a leatherbound book for 465 gold pieces
 28796 | Snake:1  | Bought a potion of curing for 93 gold pieces
 28796 | Snake:1  | Bought a potion of brilliance for 124 gold pieces
 28799 | Snake:1  | Learned a level 2 spell: Passwall
 28868 | Snake:1  | Killed Donald
 30902 | Snake:2  | Found Eduojosk's Gadget Boutique.
 30902 | Snake:2  | Found Jiext's Jewellery Shoppe.
 30903 | Snake:2  | Found Plog's Gadget Boutique.
 30942 | Snake:2  | You fall through a shaft!
 32310 | Snake:3  | Reached skill level 16 in Fighting
 32785 | Snake:3  | Found Zoagahak's Antique Weapon Shop.
 32792 | Snake:3  | Found Ozafeuskan's Armour Boutique.
 33482 | Swamp:1  | Entered Level 1 of the Swamp
 33491 | Swamp:1  | Reached XP level 17. HP: 158/158 MP: 14/30
 34033 | Swamp:1  | Found a transporter.
 34292 | Swamp:1  | Learned a level 3 spell: Lesser Beckoning
 34294 | Swamp:1  | Learned a level 1 spell: Summon Butterflies
 34423 | Swamp:1  | Found a transporter.
 34488 | Swamp:1  | Gained mutation: You occasionally shout uncontrollably at
                  | your foes. [the power of Zot]
 34494 | Swamp:1  | Reached skill level 1 in Summonings
 34549 | Swamp:1  | Gained mutation: Scrolls take you a little longer to read.
                  | [mutagenic glow]
 34609 | Swamp:1  | Gained mutation: You are frail. (-10% HP) [mutagenic glow]
 34665 | Swamp:1  | Gained mutation: Your body sometimes deteriorates upon
                  | taking damage. [mutagenic glow]
 34711 | Swamp:1  | Gained mutation: Potions are less effective at restoring
                  | your health. [mutagenic glow]
 34816 | Swamp:1  | Got a pitted bone amulet
 34821 | Swamp:1  | Identified the amulet "Cadixewk" {RegenMP rF+ rC+} (You
                  | found it on level 1 of the Swamp)
 34833 | Swamp:1  | Got a clouded amber ring
 34835 | Swamp:1  | Identified the Volume of Talismans and Ignition
 34839 | Swamp:1  | Identified the ring "Epujeoq" {+Fly rC+ rN++ Dex+6 Stlth+}
                  | (You found it on level 1 of the Swamp)
 34847 | Swamp:1  | Lost mutation: Scrolls take you a little longer to read.
                  | [potion of mutation]
 34847 | Swamp:1  | Lost mutation: Your body sometimes deteriorates upon taking
                  | damage. [potion of mutation]
 34847 | Swamp:1  | Lost mutation: You occasionally shout uncontrollably at
                  | your foes. [potion of mutation]
 34847 | Swamp:1  | Lost mutation: You are frail. (-10% HP) [potion of
                  | mutation]
 34847 | Swamp:1  | Gained mutation: Potions are poor at restoring your health.
                  | [potion of mutation]
 34847 | Swamp:1  | Gained mutation: You have supernaturally acute eyesight.
                  | (SInv) [potion of mutation]
 34847 | Swamp:1  | Lost mutation: You have supernaturally acute eyesight.
                  | (SInv) [potion of mutation]
 34847 | Swamp:1  | Gained mutation: You can translocate small distances at
                  | will. [potion of mutation]
 34848 | Swamp:1  | Lost mutation: You can translocate small distances at will.
                  | [potion of mutation]
 34848 | Swamp:1  | Lost mutation: Potions are poor at restoring your health.
                  | [potion of mutation]
 34848 | Swamp:1  | Gained mutation: You are frail. (-10% HP) [potion of
                  | mutation]
 34848 | Swamp:1  | Gained mutation: You are very frail. (-20% HP) [potion of
                  | mutation]
 34848 | Swamp:1  | Gained mutation: You have large cloven feet. [potion of
                  | mutation]
 34849 | Swamp:1  | Lost mutation: You are very frail. (-20% HP) [potion of
                  | mutation]
 34849 | Swamp:1  | Lost mutation: You are frail. (-10% HP) [potion of
                  | mutation]
 34849 | Swamp:1  | Lost mutation: Potions are less effective at restoring your
                  | health. [potion of mutation]
 34849 | Swamp:1  | Gained mutation: Your tail ends in a sharp poisonous barb.
                  | [potion of mutation]
 34849 | Swamp:1  | Gained mutation: You have a pair of small horns on your
                  | head. [potion of mutation]
 37320 | Swamp:4  | Entered Level 4 of the Swamp
 37473 | Swamp:4  | Reached skill level 5 in Translocations
 38469 | Swamp:4  | Noticed the 27-headed Lernaean hydra
 38478 | Swamp:4  | Killed the 27-headed Lernaean hydra
 38514 | Swamp:4  | Got a decaying rune of Zot
 38611 | Swamp:4  | Reached skill level 10 in Spellcasting
 39059 | Snake:4  | Entered Level 4 of the Snake Pit
 39330 | Snake:3  | Reached XP level 18. HP: 168/168 MP: 8/32
 39353 | Snake:4  | Noticed Vashnia
 40629 | Snake:4  | Killed Vashnia
 40629 | Snake:4  | Reached skill level 17 in Fighting
 40849 | Snake:4  | Reached skill level 10 in Dodging
 40860 | Snake:4  | Identified the Incunabulum of Burning Enchantment
 41168 | Snake:4  | Reached skill level 15 in Shields
 42070 | Snake:4  | Got a serpentine rune of Zot
 42592 | Elf:1    | Entered Level 1 of the Elven Halls
 42693 | Elf:1    | Reached skill level 10 in Invocations
 42695 | Elf:1    | Found a ruined gateway.
 42737 | Desolati | Entered the Desolation of Salt
 42916 | Desolati | Identified the Handbook of the Flamy Mountains
 43011 | Desolati | Identified the Compendium of the Whelk
 43015 | Desolati | Identified Iheekh's Catalogue of Ashen Evil
 43021 | Desolati | Got a heavily runed steel ring
 43023 | Desolati | Identified the ring of Gocyrar {Fire +Blink Str+4} (You
                  | found it in the Desolation of Salt)
 43148 | Desolati | Reached skill level 18 in Fighting
 43242 | Desolati | Reached XP level 19. HP: 157/179 MP: 12/33
 43628 | Desolati | Identified the Papyrus of Destructive Intoxication
 43640 | Desolati | Got a crude bone ring
 43642 | Desolati | Got a transparent granite ring
 43648 | Desolati | Identified the ring "Udiu" {Wiz Dex+6 SInv} (You found it
                  | in the Desolation of Salt)
 43650 | Desolati | Identified the ring "Nupne" {rC+ Str+10 Dex+4} (You found
                  | it in the Desolation of Salt)
 43831 | Desolati | Got a twitching graven amulet
 43832 | Desolati | Identified the amulet of the Pariah {RegenMP rC+} (You
                  | found it in the Desolation of Salt)
 43851 | Desolati | Identified Dicaej's Papyrus of the Shifting Mountains
 45350 | Elf:1    | Reached skill level 19 in Fighting
 45844 | D:6      | Bought a scroll of holy word for 90 gold pieces
 45844 | D:6      | Bought a scroll of teleportation for 36 gold pieces
 45844 | D:6      | Bought a scroll of fear for 42 gold pieces
 45844 | D:6      | Bought a scroll of identify for 24 gold pieces
 45844 | D:6      | Bought a scroll of identify for 24 gold pieces
 45863 | D:6      | Bought a scroll of teleportation for 36 gold pieces
 45863 | D:6      | Bought a potion of might for 48 gold pieces
 45866 | D:6      | Learned a level 2 spell: Blink
 46417 | Elf:2    | Found Yna Saur's Magic Scroll Boutique.
 46889 | Elf:2    | Found a runed translucent gate.
 46889 | Elf:2    | Found a runed translucent gate.
 46889 | Elf:2    | Found a runed translucent gate.
 47070 | Vaults:1 | Entered Level 1 of the Vaults
 47378 | Vaults:1 | Reached skill level 1 in Earth Magic
 48408 | Vaults:1 | Reached XP level 20. HP: 186/192 MP: 9/34
 50520 | Vaults:2 | Reached skill level 5 in Earth Magic
 51006 | Vaults:2 | Found a staircase to the Crypt.
 51051 | Vaults:2 | Learned a level 5 spell: Borgnjor's Vile Clutch
 51556 | Vaults:2 | You fall through a shaft!
 51929 | Vaults:3 | Reached skill level 15 in Invocations
 53768 | Vaults:3 | Reached XP level 21. HP: 199/199 MP: 12/35
 53908 | Vaults:3 | Reached skill level 10 in Necromancy
 54439 | Vaults:3 | Found Toyczigyxyu's Book Shoppe.
 55532 | Vaults:4 | Noticed Boris
 55570 | Vaults:3 | Killed Boris
 55897 | Vaults:4 | Reached skill level 10 in Earth Magic
 56323 | Vaults:4 | Noticed Saint Roka
 56547 | Vaults:3 | Killed Saint Roka
 57689 | Vaults:4 | Found Menaocs's Weapon Emporium.
 57912 | Vaults:4 | Reached skill level 20 in Fighting
 58074 | Vaults:4 | Found a portal to a secret trove of treasure.
 58390 | Depths:1 | Entered Level 1 of the Depths
 58870 | Depths:1 | Noticed a juggernaut
 58904 | Depths:1 | Killed a juggernaut
 58978 | Depths:1 | Identified Pyloh's Disquisition on Shape Shifting
 59027 | Depths:1 | Noticed Nikola
 59049 | Depths:1 | Killed Nikola
 59049 | Depths:1 | Reached XP level 22. HP: 145/209 MP: 6/37
 59489 | Depths:1 | Identified the amulet of Aloch {Inacc rPois rC- rN+ SInv}
                  | (You found it on level 1 of the Depths)
 59555 | Depths:1 | Found a gateway to Hell.
 59758 | Depths:1 | Paralysed by a great orb of eyes for 2 turns
 60444 | Depths:2 | Found a gateway to a ziggurat.
 60455 | Depths:2 | Found a runed translucent door.
 60455 | Depths:2 | Found a shimmering altar of Xom.
 60455 | Depths:2 | Noticed nubinia's ghost (veteran GrEE)
 60761 | Depths:2 | Found a one-way gate leading to the halls of Pandemonium.
 60813 | Depths:2 | Gained mutation: You are frail. (-10% HP) [a shining eye]
 61308 | Depths:2 | Learned a level 5 spell: Lee's Rapid Deconstruction
 61587 | Depths:2 | Reached skill level 21 in Fighting
 61671 | Depths:2 | Identified the amulet "Tokhac" {RegenMP +Inv rN+ Dex+2
                  | Stlth+}
 61712 | Depths:2 | Noticed a juggernaut
 61738 | Depths:2 | Killed a juggernaut
 62987 | Depths:3 | Identified the ring of Astexefema {MP+9 Str+5}
 63061 | Depths:3 | Identified the +7 rapier of Internal Strife {antimagic,
                  | rElec}
 63234 | Depths:3 | Upgraded the game from 0.24-a0-181-gd121a6d4c0 to
                  | 0.24-a0-182-gc7eaa07895
 63262 | Depths:3 | Identified the +3 faerie dragon scales {MR++ rCorr Str+7
                  | Stlth+}
 63262 | Depths:3 | Noticed the Enchantress
 63276 | Depths:3 | Killed the Enchantress
 63276 | Depths:3 | Reached XP level 23. HP: 199/199 MP: 35/39
 63757 | Depths:3 | Found a bloodstained altar of Trog.
 64561 | Depths:3 | Reached skill level 22 in Fighting
 65005 | Depths:4 | Noticed a caustic shrike
 65030 | Depths:4 | Killed a caustic shrike
 65077 | Depths:4 | Noticed a juggernaut
 65126 | Depths:4 | Killed a juggernaut
 65468 | Depths:4 | Found a one-way gate to the infinite horrors of the Abyss.
 66562 | Depths:4 | Identified the +6 bardiche of the Morning {chop, rPois MR+
                  | SInv} (You found it on level 4 of the Depths)
 66882 | Hell     | Entered the Vestibule of Hell
 66882 | Hell     | Noticed Geryon
 66998 | Depths:5 | Entered Level 5 of the Depths
 67079 | Depths:5 | Reached skill level 23 in Fighting
 67455 | Depths:5 | Reached XP level 24. HP: 211/211 MP: 39/39
 67704 | Depths:5 | Reached skill level 5 in Summonings
 67981 | Depths:5 | Learned a level 4 spell: Summon Lightning Spire
 68470 | Depths:5 | Found a gate to the Realm of Zot.
 68987 | Elf:3    | Entered Level 3 of the Elven Halls
 69462 | Elf:3    | Cast into level 2 of the Abyss (a deep elf sorcerer)
 69550 | Abyss:3  | Found a corrupted altar of Lugonu.
 69604 | Abyss:3  | Reached skill level 24 in Fighting
 69649 | Abyss:3  | Got an abyssal rune of Zot
 69664 | Elf:3    | Escaped the Abyss
 69844 | Elf:3    | Identified the Papyrus of the Feathery Arsonist
 69853 | Elf:3    | Got a pair of dazzling gloves
 69854 | Elf:3    | Identified the +1 pair of gloves "Itikeewk" {*Contam rN+
                  | Int+4 Stlth+} (You found it on level 3 of the Elven Halls)
 69970 | Elf:3    | Identified the Disquisition on Poisoning and Moulding
 69976 | Elf:3    | Identified the Reference Book on Confrontation and Evil
                  | Magic
 70261 | Orc:2    | Bought a potion of mutation for 104 gold pieces
 70261 | Orc:2    | Bought a ration for 65 gold pieces
 70261 | Orc:2    | Bought a scroll of identify for 26 gold pieces
 70367 | D:14     | Bought a phantom mirror for 540 gold pieces
 70367 | D:14     | Bought a wand of acid (9) for 468 gold pieces
 70367 | D:14     | Bought a wand of scattershot (9) for 702 gold pieces
 70603 | Snake:2  | Bought a wand of scattershot (5) for 432 gold pieces
 70609 | Snake:2  | Bought a phantom mirror for 450 gold pieces
 70609 | Snake:2  | Bought a wand of digging (3) for 210 gold pieces
 70995 | Zot:1    | Entered Level 1 of the Realm of Zot
 71392 | Zot:3    | Reached XP level 25. HP: 223/223 MP: 39/39
 71413 | Zot:4    | Reached skill level 25 in Fighting
 71507 | Zot:4    | HP: 5/336 [black draconian/bolt of lightning (48)]
 71507 | Zot:4    | Killed from afar by a black draconian monk

Levels and vault maps discovered:
D:1:      minmay_arrival_split_and_join, layout_basic, minmay_misc_feat_room,
          minmay_heptomino_l4
D:2:      layout_basic, chequers_ecumenical_altar_lobes
D:3:      layout_basic, nicolae_overflow_hidden_temple, first_ration,
          chequers_serial_rivers_micro_c, uniq_sigmund, uniq_natasha,
          uniq_jessica, uniq_grinder
D:4:      minmay_spotlight, layout_cave_pools, grunt_qazlal_clouds,
          gammafunk_temple_overflow_wave, minmay_misc_feat_cross, uniq_edmund,
          uniq_eustachio
D:5:      layout_basic, basic_altar, uniq_ijyb, uniq_crazy_yiuf_cottage
D:6:      layout_loops_ring, kennysheep_little_box, serial_shops, shop_statue,
          shop, shop_fountains, nicolae_shop_behind_doors,
          nicolae_shop_behind_doors, chequers_serial_rivers_room_a,
          minmay_circle_x, uniq_menkaure
D:7:      layout_basic, lemuel_doored_altar, minmay_temple_entry_offerings,
          uniq_harold, uniq_pikel
D:8:      layout_rooms, serial_shops, kennysheep_mini_moat, grunt_pizzeria,
          uniq_joseph
D:9:      layout_roguey, yredelemnul_altar_generic, kennysheep_vampire_church,
          overflow_temple_1_default, enter_bailey_2
D:10:     layout_cave_pools, serial_shops, shop, uniq_gastronok
D:11:     layout_loops_corners
D:12:     kennysheep_windowed_halls, layout_loops_ring, orc_0_dummy,
          gauntlet_entry_generic, trog_wizard, uniq_fannar, uniq_azrael
D:13:     layout_basic
D:14:     layout_rooms, erik_vaults_1, serial_shops, shop, special_room
          [special_room_bee]
D:15:     grunt_enter_depths_snipers, layout_loops_ring, hangedman_glass_teeth
Lair:1:   minmay_guarded_unrand_snakebite, layout_cave_pods
Lair:2:   layout_regular_city, palyth_hydra_swamp_entry,
          minmay_snake_entry_six_corridors, grunt_megastairs_4,
          lemuel_fruit_fields, lemuel_fruit_tree
Lair:3:   layout_loops_ring, chequers_serial_rivers_micro_b, minivault_19,
          serial_bayou_shore_b
Lair:4:   layout_cave_pods, portal_ice_cave_entry_pillars_2,
          gammafunk_ghost_ooze, beast_lair_carwin_3
Lair:5:   layout_regular_city, infiniplex_staircase_pool
Lair:6:   cheibrodos_lair_end_hotspot, layout_regular_city, slime_altar_2,
          kennysheep_snail_temple
Swamp:1:  gammafunk_its_a_trap, layout_basic_swamp,
          nicolae_swamp_very_dense_foliage
Swamp:2:  layout_falls_marsh, evilmike_swamp_ruin_rubble_1, swamp_pool1
Swamp:3:  layout_basic_swamp, evilmike_swamp_ruin_house_4, swamp_pool1
Swamp:4:  swamp_basic_johnstein, layout_basic_swamp, swamp_pool2,
          nicolae_swamp_dense_foliage
Snake:1:  layout_onion_interference, serial_shops, shop, uniq_donald
Snake:2:  cheibrodos_snake_lava_hold, layout_layer_cave, minmay_shop_grove,
          grunt_megastairs_3
Snake:3:  layout_chambers, minmay_shoptagon
Snake:4:  minmay_snake_end_coiled, layout_layer_cave, uniq_vashnia
Orc:1:    layout_diamond_mine, okawaru_metal_pillars_1_2
Orc:2:    grunt_orc_community_town_hall, layout_caves,
          grunt_orc_community_big_house_1, grunt_orc_community_big_house_1,
          grunt_orc_community_house_1, grunt_orc_community_house_3,
          grunt_orc_community_house_3, grunt_orc_community_house_2,
          grunt_orc_community_house_1, grunt_orc_community_house_2
Elf:1:    minmay_elf_arrival_circle, layout_onion_city,
          portal_desolation_entry_nicolae_slug, hangedman_elf_disciples,
          patterned_corridor
Elf:2:    layout_geoelf_octagon, serial_shops, shop
Elf:3:    minmay_elf_hall_dome, layout_geoelf_grid, roderic_three_in_a_row
Vaults:1: v_misc_9, vaults_room_grid, v_pattern_3, v_alt_pattern_6,
          nicolae_vaults_circle_grid_a, nicolae_vaults_what_the_h,
          ontoclasm_vaults_ring_small, ontoclasm_vaults_pinch, st_hourglassy,
          nicolae_vaults_specimen_jars, v_alt_pattern_3,
          vaults_standard_mumra_enter_the_diamond, v_misc_26, vaults_dpeg_ring,
          v_misc_15, layout_vaults_ring
Vaults:2: serial_ice_m, vaults_room_boxed, minmay_crypt_entry_skeletal_spiral,
          nicolae_vaults_octagons, nicolae_vaults_triangles, v_misc_12,
          nicolae_vaults_sealed_display, ontoclasm_vaults_shuriken,
          vaults_mumra_minichess_inversion, nicolae_vaults_hallways_thing,
          vaults_mumra_hex, layout_vaults_maze_bifur
Vaults:3: nicolae_vaults_big_angled_halls, hangedman_vaults_stretched_pinwheel,
          v_pattern_2, grunt_vaults_hallway_short, nicolae_vaults_rhombus_7,
          ontoclasm_vaults_ligature, vaults_room_hallway,
          vaults_room_glass_cross, v_misc_23, vaults_room_mumra_shop_pool,
          layout_vaults_omnigrid
Vaults:4: vaults_dpeg_hooks, dpeg_vaults_monster_box, vaults_dpeg_doors,
          v_alt_pattern_4, nicolae_vaults_circle_grid_a, vaults_mumra_chevron,
          v_misc_3, hangedman_vaults_slice, v_alt_pattern_1,
          nicolae_vaults_asterisk, ontoclasm_vaults_loading_screen, v_misc_18,
          nicolae_vaults_little_ls, vaults_room_stairs_pillars,
          ontoclasm_vaults_gallery, layout_vaults_omnibox, serial_shops,
          nicolae_shop_behind_doors, nicolae_trove_entry_columns,
          uniq_saint_roka, uniq_boris
Depths:1: layout_roguey, pf_dread_powers_of_hell, kennysheep_doodads,
          minmay_misc_feat_encased, minmay_swirly_circle, uniq_nikola
Depths:2: minmay_the_grid_octo_2x2 [minmay_the_grid_octo_vomiting_pacman,
          minmay_the_grid_octo_concentric, minmay_the_grid_octo_clover_2,
          minmay_the_grid_octo_prize_ultimate_mussel_roller],
          layout_twisted_cross, ziggurat_fallback, rand_demon_pan_entry_5,
          chequers_serial_rivers_large_b, hell_entry, ebering_ghost_xom,
          serial_glass, glass_columns_b, glass_columns_b, glass_columns_a
Depths:3: spriggan_forest, pan_entry, hell_entry
Depths:4: minmay_dotted_concentric_squares, layout_cave_shapes,
          minmay_misc_feat_rows, abyss_entry, grunt_hell_entry_dis_grunt
Depths:5: grunt_zot_entry_alcove, layout_cave_pools, pan_entry,
          hangedman_coc_ice_floe, chequers_serial_rivers_room_a,
          serial_bayou_shore_b
Hell
Zot:1:    layout_twisted_circle
Zot:2:    layout_gridville
Zot:3:    layout_concentric_octagons
Zot:4:    layout_gridlike
Abyss:2:  due_exit_kobolds
Abyss:3:  bh_abyss_exit_choice, due_evilmike_abyss_rune_seething_liches
Bailey:   bailey_axe_3, bailey
IceCv:    ice_cave_small_dragons
Desolation
Gauntlet: minmay_gauntlet_mixed_oops_all_seconds
          [minmay_gauntlet_arena_77_p_blocks, gammafunk_gauntlet_arena_split_x,
          minmay_gauntlet_arena_77_fan, gammafunk_gauntlet_arena_teeth,
          minmay_gauntlet_arena_77_checkered,
          gammafunk_gauntlet_arena_split_diamond, gauntlet_exit_spiral]

Skill      XL: |  1  2  3  4  5  6  7  8  9 10 11 12 13 14 15 16 17 18 19 20 21 22 23 24 25 |
---------------+----------------------------------------------------------------------------+-----
Polearms       | 3 5 6 7 9 10 11 13 14 | 14.0
Fighting       | 3 4 5 6 7 8 9 10 11 12 14 15 16 18 19 20 21 23 24 25 | 25.1
Charms         | 3 4 6 8 |  8.0
Invocations    | 2 4 5 7 10 13 15 16 | 16.0
Shields        | 1 4 5 7 8 9 11 12 13 14 15 17 18 | 18.0
Evocations     | 3 5 7 8 9 |  9.0
Dodging        | 3 5 6 8 9 10 | 10.0
Spellcasting   | 3 6 7 9 10 11 12 | 12.0
Necromancy     | 2 6 9 11 12 | 12.0
Hexes          | 2 3 5 6 |  6.0
Translocations | 4 6 8 |  8.0
Summonings     | 3 4 5 |  5.0
Earth Magic    | 2 7 11 12 13 | 13.0

Action                   |  1- 3 |  4- 6 |  7- 9 | 10-12 | 13-15 | 16-18 | 19-21 | 22-24 | 25-27 || total
-------------------------+-------+-------+-------+-------+-------+-------+-------+-------+-------++-------
Melee: Spear             |   139 |   113 |   158 |   926 |  1905 |  2657 |  3092 |     4 |       ||  8994
       Tailslap          |    13 |    19 |    50 |   131 |   291 |   398 |   738 |   462 |    12 ||  2114
       Unarmed           |       |     6 |       |       |       |       |       |       |       ||     6
       Trident           |       |    20 |     5 |       |       |       |   373 |  1373 |       ||  1771
       Hand axe          |       |    17 |   188 |       |       |       |       |       |       ||   205
       Headbutt          |       |       |       |       |       |   377 |  1048 |   622 |    11 ||  2058
       Demon trident     |       |       |       |       |       |       |       |   577 |    29 ||   606
 Cast: Infusion          |    14 |     7 |     4 |     5 |     1 |       |       |       |       ||    31
       Spectral Weapon   |       |     2 |     5 |    19 |    64 |   121 |   134 |    39 |     2 ||   386
       Song of Slaying   |       |     1 |     1 |       |       |     6 |    10 |     1 |       ||    19
       Regeneration      |       |       |     1 |     6 |    15 |   101 |   103 |    53 |     2 ||   281
       Passwall          |       |       |       |       |       |     2 |     2 |     2 |       ||     6
       Confusing Touch   |       |       |       |       |       |     1 |       |       |       ||     1
       Blink             |       |       |       |       |       |       |     5 |     1 |     2 ||     8
       Borgnjor's Vile C |       |       |       |       |       |       |    30 |   173 |     5 ||   208
       Summon Butterflie |       |       |       |       |       |       |     1 |       |       ||     1
       Lee's Rapid Decon |       |       |       |       |       |       |       |    29 |       ||    29
       Apportation       |       |       |       |       |       |       |       |     2 |       ||     2
       Lesser Beckoning  |       |       |       |       |       |       |       |     2 |       ||     2
Invok: Lesser Servant of |       |       |     2 |    11 |     4 |     5 |     4 |       |       ||    26
       Minor Destruction |       |       |       |     1 |     4 |       |       |       |       ||     5
       Greater Servant o |       |       |       |       |       |       |    13 |     3 |       ||    16
 Abil: Breathe Noxious F |       |       |     1 |    15 |     2 |     1 |       |     2 |       ||    21
       Evoke Invisibilit |       |       |       |     8 |     9 |     2 |     9 |     2 |     1 ||    31
       Evoke Berserk Rag |       |       |       |     1 |     1 |     2 |       |       |       ||     4
Evoke: Wand              |       |       |       |     1 |     4 |    11 |    16 |     8 |       ||    40
       Phantom mirror    |       |       |       |       |       |     1 |       |       |       ||     1
       Lamp of fire      |       |       |       |       |       |       |     1 |     2 |       ||     3
       Sack of spiders   |       |       |       |       |       |       |       |     1 |       ||     1
  Use: Potion            |     1 |     1 |     3 |     1 |     1 |    14 |     6 |     4 |     1 ||    32
       Scroll            |       |     8 |     6 |    12 |    11 |    13 |    13 |    15 |     2 ||    80
 Stab: Sleeping          |       |     1 |     5 |    27 |    20 |    17 |    26 |    11 |       ||   107
       Confused          |       |       |       |    11 |     2 |     3 |     1 |       |       ||    17
       Invisible         |       |       |       |    23 |    55 |     2 |    45 |    10 |     1 ||   136
       Distracted        |       |       |       |     6 |    17 |    39 |    52 |    17 |       ||   131
  Eat: Chunk             |     3 |     6 |    12 |    31 |    28 |    25 |    34 |    56 |       ||   195
       Ration            |       |       |     1 |     1 |     8 |    10 |    11 |     8 |       ||    39
Armor: Skin              |    35 |    34 |   114 |   139 |   265 |   406 |   391 |   341 |    12 ||  1737
Dodge: Dodged            |    78 |    69 |   134 |   210 |   408 |   727 |   866 |   704 |    30 ||  3226
Block: Shield            |       |       |    34 |    69 |   359 |       |       |       |       ||   462
       Buckler           |       |       |       |    79 |       |       |       |       |       ||    79
       Large shield      |       |       |       |       |   282 |  1658 |  1827 |  1357 |    56 ||  5180
       Reflection        |       |       |       |       |       |    46 |       |       |       ||    46

Table legend:
 A = Non-vault XP
 B = Vault XP
 C = Vault XP percentage of total XP
 D = Non-vault monster count
 E = Vault monster count
 F = Vault count percentage of total count
                 A         B        C        D         E       F
            +---------+---------+-------+---------+---------+-------
      Total |  639079 |  521438 |  44.9 |    1422 |     848 |  37.4
            +---------+---------+-------+---------+---------+-------
        D:1 |      21 |       5 |  19.2 |      11 |       4 |  26.7
        D:2 |      86 |       0 |   0.0 |      27 |       0 |   0.0
        D:3 |     119 |     358 |  75.1 |      19 |       3 |  13.6
        D:4 |     397 |     427 |  51.8 |      24 |       5 |  17.2
        D:5 |     204 |      75 |  26.9 |      14 |       2 |  12.5
        D:6 |    1509 |     215 |  12.5 |      17 |       3 |  15.0
        D:7 |    1567 |     906 |  36.6 |      24 |       2 |   7.7
        D:8 |     880 |     604 |  40.7 |      14 |       2 |  12.5
        D:9 |    4793 |     176 |   3.5 |      39 |       8 |  17.0
       D:10 |    2142 |    1351 |  38.7 |      26 |       1 |   3.7
       D:11 |    5248 |       0 |   0.0 |      52 |       0 |   0.0
       D:12 |   10642 |    8228 |  43.6 |      47 |      26 |  35.6
       D:13 |    7393 |     120 |   1.6 |      32 |       2 |   5.9
       D:14 |   13726 |    5691 |  29.3 |      37 |      27 |  42.2
       D:15 |   18504 |    2302 |  11.1 |      41 |       3 |   6.8
     Lair:1 |    3826 |    2610 |  40.6 |      19 |      13 |  40.6
     Lair:2 |    3847 |    3799 |  49.7 |      19 |      18 |  48.6
     Lair:3 |     395 |       0 |   0.0 |       2 |       0 |   0.0
     Lair:4 |    1834 |    1532 |  45.5 |      12 |       6 |  33.3
     Lair:5 |    1965 |       0 |   0.0 |       7 |       0 |   0.0
     Lair:6 |   10718 |   10446 |  49.4 |      31 |      39 |  55.7
    Swamp:1 |   10975 |    4838 |  30.6 |      29 |       6 |  17.1
    Swamp:2 |   15512 |       0 |   0.0 |      39 |       0 |   0.0
    Swamp:3 |    7411 |       0 |   0.0 |      21 |       0 |   0.0
    Swamp:4 |   13830 |   18891 |  57.7 |      28 |      27 |  49.1
    Snake:1 |   30882 |    2021 |   6.1 |      59 |       1 |   1.7
    Snake:2 |    7822 |    8220 |  51.2 |      16 |      15 |  48.4
    Snake:3 |   28651 |     153 |   0.5 |      55 |       1 |   1.8
    Snake:4 |   27950 |   26557 |  48.7 |      51 |      45 |  46.9
      Orc:1 |    5395 |       0 |   0.0 |      38 |       0 |   0.0
      Orc:2 |    2964 |    7053 |  70.4 |      24 |      74 |  75.5
      Elf:1 |   26372 |    8298 |  23.9 |      42 |      13 |  23.6
      Elf:2 |   15241 |    1826 |  10.7 |      26 |       2 |   7.1
      Elf:3 |   20088 |   33197 |  62.3 |      32 |      24 |  42.9
   Vaults:1 |   25465 |   12464 |  32.9 |      46 |      29 |  38.7
   Vaults:2 |   29674 |   46287 |  60.9 |      62 |      75 |  54.7
   Vaults:3 |   34797 |   29585 |  46.0 |      60 |      19 |  24.1
   Vaults:4 |   26912 |   14319 |  34.7 |      43 |      29 |  40.3
   Depths:1 |   29607 |   25568 |  46.3 |      43 |      18 |  29.5
   Depths:2 |   22656 |   43456 |  65.7 |      22 |      32 |  59.3
   Depths:3 |    5844 |   62272 |  91.4 |      16 |     101 |  86.3
   Depths:4 |   69190 |   34743 |  33.4 |      67 |      17 |  20.2
   Depths:5 |   46856 |   24312 |  34.2 |      60 |      15 |  20.0
      Zot:1 |    3439 |       0 |   0.0 |       2 |       0 |   0.0
      Zot:2 |   18392 |       0 |   0.0 |      12 |       0 |   0.0
      Zot:3 |    8624 |       0 |   0.0 |       5 |       0 |   0.0
      Zot:4 |   14018 |       0 |   0.0 |       5 |       0 |   0.0
    Abyss:2 |      80 |       0 |   0.0 |       2 |       0 |   0.0
    Abyss:3 |     616 |   22094 |  97.3 |       3 |      20 |  87.0
     Bailey |       0 |    1313 | 100.0 |       0 |       6 | 100.0
      IceCv |       0 |    5237 | 100.0 |       0 |      20 | 100.0
 Desolation |       0 |   46446 | 100.0 |       0 |      91 | 100.0
   Gauntlet |       0 |    3443 | 100.0 |       0 |       4 | 100.0
            +---------+---------+-------+---------+---------+-------
